 Dungeon Crawl Stone Soup version 0.30-a0-847-g17996783a1 (webtiles) character file.

Game seed: 1807291555447867394

8457 Newt the Markskobold (level 11, -10/56 HPs)
             Began as a Kobold Hunter on Mar 3, 2023.
             Was a Priest of Hepliaklqana.
             Mangled by a two-headed ogre
             ... wielding a +0 giant club
              (23 damage)
             ... on level 10 of the Dungeon.
             The game lasted 00:09:12 (10004 turns).

Newt the Markskobold (Kobold Hunter)               Turns: 10004, Time: 00:09:13

Health: -10/56     AC:  7    Str: 17    XL:     11   Next: 56%
Magic:  16/16      EV: 28    Int:  9    God:    Hepliaklqana [***...]
Gold:   1122       SH:  0    Dex: 28    Spells: 10/10 levels left

rFire   + . .      SeeInvis .    a - +1 shortbow
rCold   + . .      Faith    .    (shield currently unavailable)
rNeg    . . .      Spirit   .    p - +2 robe of the Eternal Void {Fly Str+4}
rPois   .          Reflect  .    D - +1 hat
rElec   .          Rampage  .    u - scarf {rC+ rF+}
rCorr   .          Clarity  +    (no gloves)
Will    .....                    (no boots)
Stlth   ++++                     s - amulet of the acrobat
HPRegen 0.29/turn                h - +5 ring of evasion
MPRegen 0.15/turn                G - +6 ring of dexterity

@: flying
A: reduced essence, small, no large weapons, nightstalker 3, iridescent scales
1, clarity, strong 1
a: Renounce Religion, Recall Ancestor, Ancestor Identity, Transference


You were on level 10 of the Dungeon.
You worshipped Hepliaklqana.
Hepliaklqana was most pleased with you.
You visited 2 branches of the dungeon, and saw 11 of its levels.

You collected 1122 gold pieces.

Inventory:

Hand Weapons
 a - a +1 shortbow (weapon)
Armour
 c - a +1 leather armour
 p - the +2 robe of the Eternal Void (worn) {Fly Str+4}
   (You found it on level 2 of the Dungeon)

   Str:       It affects your strength (+4).
   Fly:       It grants you flight.
 u - a scarf of resistance (worn)
 D - a +1 hat (worn)
Jewellery
 f - a +6 ring of strength
 h - a +5 ring of evasion (left hand)
 l - a +6 ring of intelligence
 n - an amulet of guardian spirit
 o - a ring of protection from cold
 s - an amulet of the acrobat (around neck)
 y - a ring of positive energy
 A - a ring of fire
 B - an amulet of magic regeneration
 E - a +6 ring of intelligence
 F - a +5 ring of evasion
 G - a +6 ring of dexterity (right hand)
Wands
 t - a wand of flame (39)
 C - a wand of iceblast (6)
Scrolls
 b - 4 scrolls of immolation
 v - a scroll of blinking
 x - 3 scrolls of teleportation
 H - 2 scrolls of identify
 I - 2 scrolls of poison {unknown}
Potions
 d - 2 potions of heal wounds
 e - 4 potions of curing
 g - a potion of magic
 i - 7 potions of might
 j - 2 potions of haste
 k - 5 potions of brilliance
 m - 2 potions of mutation
 q - 3 potions of flight
 r - a potion of ambrosia
 w - a potion of berserk rage
 z - a potion of degeneration {unknown}


   Skills:
 - Level 5.0 Fighting
 - Level 16.0 Ranged Weapons
 - Level 8.0 Dodging
 - Level 1.3 Stealth
 - Level 7.0 Invocations
 + Level 9.1 Evocations


You had 10 spell levels left.
You didn't know any spells.
Your spell library contained the following spells:

 Spells                   Type           Power      Damage    Failure   Level
 Magic Dart               Conj           0%         1d3       38%         1
 Necrotise                Necr           0%         1d4       38%         1
 Sting                    Tmut/Pois      0%         1d3       38%         1
 Summon Small Mammal      Summ           0%         N/A       38%         1
 Poisonous Vapours        Pois/Air       0%         N/A       52%         2
 Searing Ray              Conj           0%         2d4       52%         2
 Sublimation of Blood     Necr           0%         N/A       52%         2
 Tukima's Dance           Hex            0%         N/A       77%         3
 Vampiric Draining        Necr           0%         2d6       77%         3
 Fulminant Prism          Conj/Hex       0%         3d5       99%         4
 Leda's Liquefaction      Hex/Erth       0%         N/A       99%         4
 Olgreb's Toxic Radiance  Pois           0%         N/A       99%         4
 Passage of Golubria      Tloc           0%         N/A       99%         4
 Petrify                  Tmut/Erth      0%         N/A       99%         4
 Agony                    Necr           0%         N/A       100%        5
 Irradiate                Conj/Tmut      0%         3d11      100%        5
 Lee's Rapid Deconstruct  Erth           0%         3d4*      100%        5
 Yara's Violent Unravell  Hex/Tmut       0%         3d3       100%        5
 Statue Form              Tmut/Erth      0%         N/A       100%        6


Dungeon Overview and Level Annotations

Branches:
Dungeon (10/15)            Temple (1/1) D:4            Lair (0/5) D:9
    Orc: D:9-12

Altars:
Ashenzari
Cheibriados
Dithmenos
Elyvilon
Fedhas
Gozag
Hepliaklqana
Kikubaaqudgha
Makhleb
Nemelex Xobeh
Okawaru
Qazlal
Ru
Sif Muna
Trog
Uskayaw
Vehumet
Wu Jian
Xom
Yredelemnul
Zin
The Shining One

Shops:
D:8 [   D:10 [


Innate Abilities, Weirdness & Mutations

Your life essence is reduced to manifest your ancestor. (-10% HP)
You are small and have problems with some larger weapons.
You are completely attuned to the shadows.
You are partially covered in iridescent scales. (AC +2)
You possess an exceptional clarity of mind.
Your muscles are strong. (Str +4, Int/Dex -1)


Message History

A two-headed ogre comes into view.
It is wielding a +0 giant club and a +0 giant spiked club.
A two-headed ogre is nearby!
A two-headed ogre is nearby!
You shoot an arrow. The arrow hits the two-headed ogre!
The two-headed ogre shouts in stereo!
The two-headed ogre is moderately wounded.
You swap places.
You shoot an arrow. Xiuhtonal avoids your attack.
The arrow hits the two-headed ogre.
The two-headed ogre is moderately wounded.
Xiuhtonal barely misses the two-headed ogre.
You shoot an arrow. Xiuhtonal avoids your attack.
The arrow barely misses the two-headed ogre.
You shoot an arrow. The arrow hits the two-headed ogre.
The two-headed ogre is moderately wounded.
Xiuhtonal hits the two-headed ogre with a +0 flail.
You shoot an arrow. The arrow hits the two-headed ogre!
The two-headed ogre is heavily wounded.
The two-headed ogre closely misses you.
The two-headed ogre hits you with a +0 giant spiked club.
You shoot an arrow.
The arrow barely misses the two-headed ogre.
Xiuhtonal hits the two-headed ogre with a +0 flail!
You shoot an arrow.
The arrow hits the two-headed ogre but does no damage.
The two-headed ogre is severely wounded.
You shoot an arrow.
The arrow hits the two-headed ogre but does no damage.
The two-headed ogre is severely wounded.
The two-headed ogre hits you with a +0 giant club!
The two-headed ogre hits you with a +0 giant spiked club!!
* * * LOW HITPOINT WARNING * * *
You are too injured to fight recklessly!
Unknown command.
You feel much better.
Xiuhtonal hits the two-headed ogre with a +0 flail.
The two-headed ogre hits you with a +0 giant club!!
* * * LOW HITPOINT WARNING * * *
The two-headed ogre hits you with a +0 giant spiked club!!
You die...

..##
###...........
..#
..###.R......#
.##
#...###.....## .#
..# #.........#
.# ##..
.##.#####..## .#
#. #..#..#..#
##... ##
#.##.R..##.##
#... # ...#O#
#..# #.## #
#..@####.## ##.#
###...#R.###
##..#
###...##.####...#
.
###.##........##
# #.###....##..#
. ..# #...###...
.## #...###... #
##........# #
##........##


You could see the friendly Xiuhtonal the knight and a two-headed ogre (ally
target).

Vanquished Creatures
  Erolcha (D:10)
  Erica (D:8)
  Lodul (D:10)
  An unseen horror (D:10)
  A troll (D:8)
  A hornet (D:7)
  4 yaks (D:10)
  Sigmund (D:6)
  A wraith (D:9)
  2 wyverns
  A vampire mosquito (D:10)
  Edmund (D:4)
  A hornet zombie (D:6)
  4 orc warriors
  2 black bears (D:9)
  6 ogres
  A centaur (D:10)
  2 kobold brigands
  2 phantoms
  5 bullfrogs
  2 scorpions (D:9)
  6 killer bees
  3 howler monkeys
  2 electric eels (D:10)
  3 hounds
  2 orc priests
  5 jellies
  4 iguanas
  A sleepcap (D:5)
  7 orc wizards
  7 adders
  2 worms (D:2)
  4 dart slugs
  35 orcs
  3 endoplasms
  A giant cockroach (D:3)
  10 goblins
  18 hobgoblins
  4 jackals (D:1)
  4 quokkas
  5 ball pythons
  3 bats
  2 frilled lizards (D:3)
  15 kobolds
  6 rats
193 creatures vanquished.

Vanquished Creatures (collateral kills)
  Joseph (D:7)
  An unseen horror (D:10)
  A sky beast (D:7)
  6 ogres (D:10)
  A bullfrog (D:7)
  5 killer bees
  A killer bee zombie (D:6)
  2 white imps
  7 orcs
25 creatures vanquished.

Vanquished Creatures (others)
  2 knights
  3 ancestors
  4 fungi (D:9)
  A plant (D:9)
10 creatures vanquished.

Grand Total: 228 creatures vanquished

Notes
Turn   | Place    | Note
-------+----------+-------------------------------------------
     0 | D:1      | Newt the Kobold Hunter began the quest for the Orb.
     0 | D:1      | Reached XP level 1. HP: 12/12 MP: 1/1
   220 | D:1      | Reached XP level 2. HP: 19/19 MP: 2/2
   322 | D:1      | Reached XP level 3. HP: 23/23 MP: 3/3
   740 | D:2      | Found a faded altar of an unknown god.
   838 | D:2      | Identified the +2 robe of the Eternal Void {Fly Str+4}
   849 | D:2      | Reached XP level 4. HP: 30/30 MP: 4/4
  1540 | D:3      | Reached skill level 5 in Fighting
  1627 | D:3      | Reached skill level 6 in Ranged Weapons
  1627 | D:3      | Reached XP level 5. HP: 31/35 MP: 5/5
  2270 | D:4      | Noticed a bullfrog
  2274 | D:4      | Killed a bullfrog
  2275 | D:4      | Reached skill level 7 in Ranged Weapons
  2275 | D:4      | Reached XP level 6. HP: 40/40 MP: 6/6
  2382 | D:4      | Reached skill level 8 in Ranged Weapons
  2895 | D:4      | Found a staircase to the Ecumenical Temple.
  2895 | D:4      | Noticed Edmund
  2933 | D:4      | Killed Edmund
  2934 | D:4      | Reached skill level 9 in Ranged Weapons
  2934 | D:4      | Reached XP level 7. HP: 34/44 MP: 7/7
  3095 | Temple   | Entered the Ecumenical Temple
  3257 | Temple   | Became a worshipper of Hepliaklqana the Forgotten
  3469 | D:4      | Found an opulent altar of Gozag.
  3515 | D:5      | Entered Level 5 of the Dungeon
  3751 | D:5      | Reached skill level 10 in Ranged Weapons
  3924 | D:5      | Reached XP level 8. HP: 49/49 MP: 8/8
  4216 | D:5      | Reached skill level 5 in Dodging
  4893 | D:6      | Found a radiant altar of Vehumet.
  4898 | D:6      | Found a shimmering blue altar of Sif Muna.
  4903 | D:6      | Got Sif Muna's Almanac of Attendants
  4906 | D:6      | Found an ancient bone altar of Kikubaaqudgha.
  4999 | D:6      | Reached * piety under Hepliaklqana
  5406 | D:6      | Noticed Sigmund
  5409 | D:6      | Killed Sigmund
  5430 | D:6      | Reached XP level 9. HP: 46/48 MP: 9/9
  5468 | D:6      | Found a bloodstained altar of Trog.
  5526 | D:6      | Reached skill level 11 in Ranged Weapons
  5836 | D:6      | Found a basalt altar of Yredelemnul.
  6009 | D:7      | Gained mutation: Your muscles are strong. (Str +4, Int/Dex
                  | -1) [potion of mutation]
  6009 | D:7      | Gained mutation: You have hidden genetic potential. [potion
                  | of mutation]
  6039 | D:7      | Reached skill level 12 in Ranged Weapons
  6064 | D:7      | Found a burning altar of Makhleb.
  6073 | D:7      | Noticed Joseph
  6083 | D:7      | Killed Joseph
  6084 | D:7      | Reached skill level 13 in Ranged Weapons
  6282 | D:7      | Found a white marble altar of Elyvilon.
  6347 | D:7      | Found a sacrificial altar of Ru.
  6409 | D:7      | Noticed a hornet
  6415 | D:7      | Killed a hornet
  6531 | D:7      | Found a blossoming altar of Fedhas.
  6621 | D:7      | Found a broken altar of Ashenzari.
  6882 | D:8      | Noticed Erica
  6892 | D:8      | Killed Erica
  6893 | D:8      | Reached skill level 15 in Ranged Weapons
  6893 | D:8      | Reached XP level 10. HP: 45/53 MP: 10/10
  6907 | D:8      | Gained mutation: You possess an exceptional clarity of
                  | mind. [hidden potential]
  6955 | D:8      | Reached ** piety under Hepliaklqana
  6956 | D:8      | Remembered your ancestor Xiuhtonal as a knight
  6976 | D:8      | Found Guson's Armour Emporium.
  7197 | D:8      | Reached skill level 16 in Ranged Weapons
  7197 | D:8      | Reached skill level 1 in Invocations
  8420 | D:9      | Reached skill level 5 in Invocations
  8511 | D:9      | Found a staircase to the Lair.
  8709 | D:10     | Entered Level 10 of the Dungeon
  8709 | D:10     | Reached *** piety under Hepliaklqana
  8754 | D:10     | Reached skill level 1 in Evocations
  8758 | D:10     | Reached XP level 11. HP: 56/56 MP: 16/16
  8850 | D:10     | Found Neczeoh's Armour Emporium.
  8934 | D:10     | Gained mutation: You are partially covered in iridescent
                  | scales. (AC +2) [hidden potential]
  8934 | D:10     | Lost mutation: You have hidden genetic potential. [hidden
                  | potential expressed]
  8999 | D:10     | Found a shimmering altar of Xom.
  9005 | D:10     | Found a snail-covered altar of Cheibriados.
  9022 | D:10     | Reached skill level 5 in Evocations
  9024 | D:10     | Noticed Erolcha
  9027 | D:10     | Killed Erolcha
  9037 | D:10     | Noticed Lodul
  9041 | D:10     | Killed Lodul
  9160 | D:10     | Found a stormy altar of Qazlal.
  9994 | D:10     | Noticed a two-headed ogre
 10004 | D:10     | Mangled by a two-headed ogre

Illustrated notes

Levels and vault maps discovered:
D:1:      shiori_arrival_elements, layout_rooms, grunt_decor_mini_mirrors
D:2:      cheibrodos_greedy_goblins, layout_basic,
          shapermc_ecumenical_altar_starsandcircs, serial_corexii_hall,
          chequers_hall_statues_y, corexii_hall_statues_i
D:3:      layout_rooms
D:4:      layout_basic, mainiacjoe_overflow_alcove_1, minmay_temple_entry_trees,
          uniq_edmund
D:5:      cheibrodos_thug_alley, layout_loops_corners, grunt_decor_arrowhead,
          dreamdust_mushroom_princess
D:6:      layout_loops_corners, grunt_temple_overflow_magic_moments,
          lightli_temple_of_fire, lemuel_zombie_altar_yredelemnul, uniq_sigmund
D:7:      layout_cave_pools, mainiacjoe_overflow_alcove_4, elyvilon_altar_3,
          mainiacjoe_overflow_alcove_2, lemuel_coloured_pillars_altar,
          nicolae_ru_awakened_eye, nrook_loot_triangle, uniq_joseph
D:8:      layout_loops_cross, serial_shops, shop_coins, uniq_erica
D:9:      layout_basic, grunt_lair_entry_orc_guard_hut
D:10:     minmay_skewed_foursquare, layout_layer_cave,
          minmay_overflow_temple_star_quad, nicolae_inconvenience_store,
          uniq_lodul, uniq_erolcha
Temple:   hellmonk_temple_forest_ring

Skill      XL: |  1  2  3  4  5  6  7  8  9 10 11 |
---------------+----------------------------------+-----
Fighting       | 3 4 5 |  5.0
Ranged Weapons | 6 7 9 10 15 16 | 16.0
Dodging        | 4 8 |  8.0
Invocations    | 7 |  7.0
Evocations     | 2 9 |  9.1
Stealth        | |  1.3

Action                     |  1- 3 |  4- 6 |  7- 9 | 10-12 || total
---------------------------+-------+-------+-------+-------++-------
  Melee: Shortbow          |       |       |     2 |       ||     2
   Fire: Shortbow          |    74 |   127 |   240 |   292 ||   733
 Invoke: Ancestor Life: Kn |       |       |       |     1 ||     1
  Evoke: Wand              |       |     1 |       |     4 ||     5
    Use: Scroll            |     3 |     5 |     5 |     4 ||    17
         Potion            |     1 |     2 |     4 |     1 ||     8
 Armour: Leather armour    |     5 |       |       |       ||     5
         Robe              |       |     9 |     9 |     8 ||    26
  Dodge: Dodged            |    22 |    69 |    81 |    92 ||   264

Table legend: (Time is in decaauts)
 A = Elapsed time spent in this place.
 B = Non-inter-level travel time spent in this place.
 C = Inter-level travel time spent in this place.
 D = Time resting spent in this place.
 E = Time spent auto-exploring this place.
 F = Levels seen in this place.
 G = Mean time per level.
                   A        B        C        D        E       F      G
               +--------+--------+--------+--------+--------+-----+--------+
         Total |   9909 |   9505 |    404 |    359 |   8017 |  11 |  900.8 |
       Dungeon |   9735 |   9358 |    377 |    359 |   7880 |  10 |  973.5 |
        Temple |    173 |    146 |     27 |      0 |    137 |   1 |  173.0 |
               +--------+--------+--------+--------+--------+-----+--------+

Top non-repeatable levels by time:
     D:5: 1335 daAuts
    D:10: 1257 daAuts
     D:6: 1151 daAuts
     D:4: 1071 daAuts
     D:9: 907 daAuts
     D:8: 888 daAuts
     D:2: 854 daAuts
     D:7: 830 daAuts
     D:3: 818 daAuts
     D:1: 619 daAuts
  Temple: 173 daAuts
